 Dungeon Crawl Stone Soup version 0.29-a0-823-gc37b1572da (webtiles) character file.

Game seed: 9879306461415015725

164537 buhh the Transmogrifier (level 17, -1/142 HPs)
             Began as an Octopode Transmuter on July 8, 2022.
             Was a High Priest of Cheibriados.
             Slain by an emperor scorpion (3 damage)
             ... on level 4 of the Spider Nest.
             The game lasted 01:54:40 (19676 turns).

buhh the Transmogrifier (Octopode Transmuter)      Turns: 19676, Time: 01:54:40

Health: -1/142     AC: 13    Str: 23      XL:     17   Next: 85%
Magic:  5/26       EV: 25    Int: 35      God:    Cheibriados [*****.]
Gold:   1302       SH:  0    Dex: 37 (38) Spells: 6/22 levels left

rFire   x . .      SeeInvis +     - Unarmed
rCold   + + +      Faith    .   (shield currently unavailable)
rNeg    + . .      Spirit   .   (helmet currently unavailable)
rPois   +          Reflect  .   S - amulet of regeneration
rElec   .          Harm     .   n - ring of protection from cold
rCorr   .          Rampage  .   s - ring of poison resistance
Will    +....                   z - ring of positive energy
Stlth   ++........              E - ring of see invisible
HPRegen 1.13/turn               a - +6 ring of dexterity
MPRegen 0.20/turn               U - +6 ring of dexterity
                                (no ring)
                                (no ring)

@: confused, mighty, lethally poisoned (-1 -> -9), about to teleport, ice-form,
ambrosia-drunk, very slow
A: freezing attack, boosted hp, almost no armour, amphibious, 8 rings, large,
(camouflage 1), (gelatinous body 1), (nimble swimmer 1), (tentacles), (tentacle
spike 1), screaming 1
a: End Transformation, Renounce Religion, Bend Time, Temporal Distortion,
Slouch, Step From Time


You were on level 4 of the Spider Nest.
You worshipped Cheibriados.
Cheibriados was extremely pleased with you.
You were a creature of crystalline ice.
You visited 6 branches of the dungeon, and saw 29 of its levels.
You also visited: Sewer, Bailey and Ice Cave.

You collected 2885 gold pieces.
You spent 1583 gold pieces at shops.

Inventory:

Hand Weapons
 u - the +6 dagger "Upatano" {drain, rF+ Will++ rCorr Str-4}
   (You found it on level 3 of the Dungeon)

   A truly terrible weapon, it drains the life of any living foe it strikes.
   Str:       It affects your strength (-4).
   rF:        It protects you from fire.
   rCorr:     It protects you from acid and corrosion.
   Will:      It greatly increases your willpower.
 M - the +7 eveningstar of Equilibrium {antimagic, rPois Str+2 Int-2 Dex+3}
   (You found it on level 2 of the Spider Nest)

   It reduces the magical energy of the wielder, and disrupts the spells and
   magical abilities of those it strikes.
   Natural abilities and divine invocations are not affected.
   Str:       It affects your strength (+2).
   Int:       It affects your intelligence (-2).
   Dex:       It affects your dexterity (+3).
   rPois:     It protects you from poison.
Missiles
 l - 6 boomerangs of dispersal
 r - 3 atropa-tipped darts
 K - 22 poisoned darts
 W - 3 curare-tipped darts
Armour
 w - a +1 hat of see invisible (melded)
Magical Staves
 i - a staff of poison
Jewellery
 a - a +6 ring of dexterity (on tentacle)
 n - a ring of protection from cold (left front paw)
 s - a ring of poison resistance (right front paw)
 z - a ring of positive energy (on tentacle)
 A - an amulet of reflection
 E - a ring of see invisible (on tentacle)
 S - an amulet of regeneration (around neck)
 U - a +6 ring of dexterity (on tentacle)
 V - a ring of protection from cold
Wands
 q - a wand of charming (2)
 x - a wand of polymorph (6)
 B - a wand of flame (46)
 I - a wand of digging (2)
 O - a wand of mindburst (15)
 Q - a wand of roots (14)
Scrolls
 b - 13 scrolls of teleportation {!d}
 c - 2 scrolls of brand weapon
 f - 4 scrolls of enchant weapon
 g - 7 scrolls of identify {!d}
 p - 3 scrolls of amnesia
 C - 7 scrolls of enchant armour
 D - 5 scrolls of fog
 G - a scroll of torment
 L - 3 scrolls of vulnerability
 N - 4 scrolls of noise
Potions
 d - 8 potions of brilliance {!q!d}
 e - 5 potions of might
 j - 6 potions of flight
 k - 4 potions of ambrosia {!q!d}
 o - 3 potions of cancellation {!q!d}
 t - 7 potions of curing {!q!d}
 v - 5 potions of attraction
 y - 4 potions of resistance {!q!d}
 F - a potion of berserk rage {!q}
 H - 4 potions of lignification {!d}
 J - a potion of degeneration
 R - a potion of mutation {!d}
 Y - 2 potions of haste {!q!d}
Miscellaneous
 h - a box of beasts


   Skills:
 - Level 12.0 Fighting
 - Level 12.0 Dodging
 - Level 8.0 Stealth
 - Level 12.0 Unarmed Combat
 - Level 3.3 Spellcasting
 - Level 9.1 Conjurations
 - Level 10.0 Translocations
 * Level 13.4 Transmutations
 - Level 8.0 Ice Magic
 - Level 2.0 Poison Magic
 - Level 13.0 Invocations


You had 6 spell levels left.
You knew the following spells:

 Your Spells              Type           Power      Damage    Failure   Level
a - Irradiate             Conj/Tmut      35%        3d25      1%          5
b - Wereblood             Tmut           79%        N/A       1%          2
c - Lesser Beckoning      Tloc           66%        N/A       1%          3
d - Ice Form              Ice/Tmut       69%        N/A       1%          4
e - Blink                 Tloc           100%       N/A       1%          2

Your spell library contained the following spells:

 Spells                   Type           Power      Damage    Failure   Level
 Apportation              Tloc           100%       N/A       1%          1
 Beastly Appendage        Tmut           100%       N/A       1%          1
 Magic Dart               Conj           100%       1d8       1%          1
 Ensorcelled Hibernation  Hex/Ice        66%        N/A       1%          2
 Searing Ray              Conj           100%       2d8       1%          2
 Static Discharge         Conj/Air       37%        3-8/arc   1%          2
 Ignite Poison            Fire/Tmut/Pois 42%        N/A       1%          3
 Spider Form              Tmut/Pois      56%        N/A       1%          3
 Iskenderun's Mystic Bla  Conj/Tloc      64%        2d13      1%          4
 Passage of Golubria      Tloc           66%        N/A       1%          4
 Conjure Flame            Conj/Fire      37%        6-21      2%          3
 Dazzling Flash           Conj/Hex       74%        N/A       2%          3
 Manifold Assault         Tloc           66%        N/A       2%          5
 Petrify                  Tmut/Erth      52%        N/A       3%          4
 Slow                     Hex            20%        N/A       4%          1
 Alistair's Intoxication  Tmut/Pois      37%        N/A       5%          5
 Sublimation of Blood     Necr           5%         N/A       8%          2
 Fulminant Prism          Conj/Hex       18%        3d11      8%          4
 Sticky Flame             Conj/Fire      37%        2d6       8%          4
 Yara's Violent Unravell  Hex/Tmut       26%        3d11      9%          5
 Confusing Touch          Hex            5%         N/A       14%         3
 Tukima's Dance           Hex            5%         N/A       14%         3
 Vampiric Draining        Necr           5%         2d6       14%         3
 Olgreb's Toxic Radiance  Pois           19%        N/A       22%         4
 Anguish                  Hex/Necr       2%         N/A       43%         4
 Dispel Undead            Necr           5%         3d7       43%         4
 Conjure Ball Lightning   Conj/Air       18%        3x3d6     75%         6
 Agony                    Necr           5%         N/A       80%         5
 Lee's Rapid Deconstruct  Erth           2%         3d6*      80%         5
 Silence                  Hex/Air        2%         N/A       80%         5
 Ozocubu's Refrigeration  Ice            29%        4d10      83%         7
 Disjunction              Tloc           33%        N/A       99%         8
 Discord                  Hex            2%         N/A       100%        8
 Ignition                 Fire           2%         3d3       100%        8
 Lehudib's Crystal Spear  Conj/Erth      18%        10d6      100%        8


Dungeon Overview and Level Annotations

Branches:
Dungeon (15/15) Zot: 37975  Temple (1/1) D:4 Zot: 8939    Lair (6/6) D:9 Zot: 38413
  Swamp (1/4) Lair:4 Zot: 8817  Spider (4/4) Lair:2 Zot: 33283   Slime (0/5) Lair:6
    Orc (2/2) D:9 Zot: 15485     Elf (0/3) Orc:2        Vaults (0/5) D:14
 Depths (0/4) D:15          Sewer (visited)          Bailey (visited)
  IceCv (visited)

Altars:
Ashenzari
Cheibriados
Dithmenos
Elyvilon
Kikubaaqudgha
Nemelex Xobeh
Okawaru
Ru
Sif Muna
Trog
Vehumet
Wu Jian
Xom
Zin
The Shining One

Shops:
D:1 ((**[   D:3 ?   D:4 *   D:7 !   Orc:2 !?(

Portals:
Trove: D:14 (give 18 potions of curing)

Annotations:
D:7 Joseph
D:14 1 runed translucent door, Gitueniwk's ghost, journeyman DjCj
D:15 Louise
Lair:1 Nergalle
Spider:1 Rupert


Innate Abilities, Weirdness & Mutations

You are a creature of crystalline ice.
You have a powerful freezing melee attack.
Your maximum health is increased.
Your armour is entirely melded.
You are incapable of wielding weapons or throwing items.
You cannot wear most types of armour.
You are amphibious.
You can wear up to eight rings at the same time.
((Your skin changes colour to match your surroundings (Stealth+).))
((Your rubbery body absorbs attacks. (AC +1, EV +1)))
((You are camouflaged when in or above water. (Stealth+)))
((You have tentacles for arms and can constrict up to eight enemies at once.))
((One of your tentacles bears a spike.))
You occasionally shout uncontrollably at your foes.


Message History

* * * LOW HITPOINT WARNING * * *
You are poisoned.
The emperor scorpion poisons you!
The emperor scorpion claws you but does no damage.
The emperor scorpion barely misses you.
Okay, then.
As you read the scroll of teleportation {!d}, it crumbles to dust.
You feel strangely unstable.
You feel very sick.
The wolf spider is engulfed in poison gas.
The wolf spider is poisoned.
The meliai mumbles some strange prayers to its god against you.
Something smites you!
* * * LOW HITPOINT WARNING * * *
The ghost moth stares at you.
You feel your power leaking away. The ghost moth hits you!
* * * LOW HITPOINT WARNING * * *
The ghost moth closely misses you. x2; The emperor scorpion misses you.
The emperor scorpion barely misses you.
The emperor scorpion claws you but does no damage.
The wolf spider is engulfed in poison gas.
The wolf spider looks even sicker.
A wolf spider comes into view.
Really quaff
k - 5 potions of ambrosia {!q!d}?
You are confused.
You feel invigorated.
* * * LOW HITPOINT WARNING * * *
You feel very sick.
The wolf spider's many legs skitter.
The meliai is engulfed in poison gas.
The meliai looks even sicker.
A jorogumo comes into view.
The ghost moth misses you. The ghost moth completely misses you.
The ghost moth misses you.
The wolf spider is engulfed in poison gas.
The wolf spider looks even sicker.
The emperor scorpion closely misses you.
The emperor scorpion claws you but does no damage.
The emperor scorpion claws you.
You die...

........#####..#..^........^.....
...†....## ####..°°..°.^.†......
.....^...# ##.○..^............
.........######.○○..○.○○.........
..#........#○○.......○.^.....#...
...........#...○..○.°..○..^......
...........○..○○.^○...○..........
.........○○○.^.°.y°....^.^.....^.
.........######†Y†○.######.......
....(...##,,**##ys°##**,,##......
....^.###,,,*^,.s.○...*,,,*****,,
....#.#*,,,**,.°†.°.°.#*,,,** *^,
####.##,,,**^..○.......#*,,,* **^
###*,,**,.^#..○○.#^..**,^* **
*,,*,..###.○^###○.,*,,*
*,,,○)°,*s.^.○*,H.,,,,*
**,,,,,,,,^,^,,,,,,,,,,**


You could see an emperor scorpion, a jorogumo (wandering), a ghost moth
(invisible), 2 wolf spiders and a meliai (very poisoned).

Vanquished Creatures
  Arachne (Spider:2)
  Gastronok (Lair:1)
  2 emperor scorpions
  2 ghost moths
  5 entropy weavers
  3 ettins
  8 boulder beetles
  4 hydras
  The ghost of Roczioh the Covert, a journeyman DsEn of Wu Jian (D:13)
  2 ogre magi
  Harold (D:9)
  A radroach (Spider:3)
  A jorogumo (Spider:2)
  Erica (D:9)
  4 centaur warriors
  A catoblepas (Lair:6)
  A death knight (D:14)
  7 death yaks (Lair:6)
  14 two-headed ogres
  3 tengu warriors
  A deep troll shaman (Lair:6)
  A death scarab (Spider:3)
  5 skeletal warriors (D:12)
  7 pharaoh ants
  A death drake (Swamp:1)
  A sun moth (Spider:1)
  7 steelbarb worms
  7 orb spiders
  A wizard (D:14)
  A lindwurm (Lair:6)
  6 orc knights
  3 deep elf pyromancers
  3 orc sorcerers
  16 wolf spiders
  An ugly thing (D:13)
  2 manticores
  2 moths of wrath
  3 cyclopes
  18 elephants
  Maurice (D:10)
  2 torpor snails (Spider:2)
  3 black mambas
  Maggie (D:9)
  9 cane toads
  A cane toad (shapeshifter) (D:13)
  7 demonic crawlers
  3 kobold demonologists (D:11)
  A rime drake (Lair:4)
  10 komodo dragons
  A gargoyle (D:11)
  2 guardian mummies (D:14)
  A tengu conjurer (D:15)
  A queen bee (Orc:1)
  8 trolls
  2 meliai (D:15)
  5 polar bears (IceCv)
  2 tyrant leeches
  4 hornets (Orc:1)
  14 blink frogs
  18 slime creatures
  20 tarantellas
  19 jumping spiders
  10 culicivoras
  3 wraiths
  3 vampires
  3 wyverns
  5 basilisks
  33 yaks
  37 redbacks
  3 wargs
  3 swamp worms
  18 water moccasins
  3 acid dragons
  2 floating eyes (Orc:1)
  40 orc warriors
  Pargi (Sewer)
  6 black bears
  4 ice beasts
  27 wolves
  19 centaurs
  8 ogres
  4 phantoms
  2 kobold brigands
  11 bullfrogs
  5 scorpions
  2 gnoll sergeants
  3 wights (D:8)
  20 killer bees
  6 electric eels
  2 howler monkeys
  4 jellies
  10 orc priests
  4 hounds
  6 iguanas
  2 hell rats (Lair:2)
  15 orc wizards
  21 adders
  14 gnolls
  12 river rats (Lair:2)
  2 shadow imps
  12 white imps (Lair:3)
  An ufetubus (D:7)
  2 worms (D:6)
  6 dart slugs
  55 orcs
  16 bats
  9 endoplasms
  A giant cockroach (D:6)
  10 goblins
  5 hobgoblins
  6 jackals
  A quokka (D:3)
  8 ball pythons
  4 frilled lizards
  20 kobolds
  6 rats
819 creatures vanquished.

Vanquished Creatures (collateral kills)
  A broodmother (Spider:2)
  A hell knight (D:15)
  A deep troll (D:15)
  An orb spider (Spider:2)
  A wizard (D:15)
  A meliai (D:15)
  3 tarantellas (Spider:2)
  2 culicivoras (Spider:2)
  A redback (Spider:2)
  An orc warrior (Bailey)
  An adder (D:4)
  An endoplasm (D:4)
  A kobold (D:4)
16 creatures vanquished.

Vanquished Creatures (others)
  An orc warrior (Bailey)
  An adder (D:3)
  An orc (D:3)
  23 fungi
  46 plants
72 creatures vanquished.

Grand Total: 907 creatures vanquished

Notes
Turn   | Place    | Note
-------+----------+-------------------------------------------
     0 | D:1      | buhh the Octopode Transmuter began the quest for the Orb.
     0 | D:1      | Reached XP level 1. HP: 13/13 MP: 3/3
   134 | D:1      | Found Vetoawit's General Store.
   149 | D:1      | Bought a scroll of identify for 20 gold pieces
   152 | D:1      | Found Qian's General Store.
   260 | D:1      | Found Muciviga's Armour Boutique.
   312 | D:1      | Reached XP level 2. HP: 10/18 MP: 3/5
   468 | D:1      | Found Leclev's Weapon Shoppe.
   970 | D:1      | Found Unagustro's Weapon Shop.
   998 | D:1      | Reached XP level 3. HP: 23/23 MP: 4/6
  1705 | D:2      | Learned a level 2 spell: Wereblood
  1709 | D:2      | Learned a level 3 spell: Spider Form
  1912 | D:2      | Reached XP level 4. HP: 29/29 MP: 5/7
  3421 | D:3      | Identified the +6 dagger "Upatano" {drain, rF+ Will++ rCorr
                  | Str-4}
  3426 | D:3      | Found a faded altar of an unknown god.
  3479 | D:3      | Reached XP level 5. HP: 23/35 MP: 5/8
  3872 | D:3      | Found Gicsogh's Magic Scroll Boutique.
  3886 | D:3      | Bought a scroll of identify for 24 gold pieces
  3886 | D:3      | Bought a scroll of teleportation for 36 gold pieces
  3886 | D:3      | Bought a scroll of identify for 24 gold pieces
  3902 | D:3      | Found a glowing silver altar of Zin.
  3902 | D:3      | Noticed an angel
  4020 | D:4      | Noticed a black bear
  4088 | D:4      | Noticed an ogre
  4099 | D:4      | Killed an ogre
  4100 | D:4      | Reached XP level 6. HP: 42/42 MP: 2/9
  4131 | D:4      | Killed a black bear
  4299 | D:4      | Found Nimasoac's Serpentskin Sales.
  4347 | D:4      | Reached XP level 7. HP: 46/47 MP: 2/10
  4357 | D:4      | Bought a scroll of poison for 42 gold pieces
  4552 | D:4      | Reached skill level 5 in Unarmed Combat
  4654 | D:4      | Found a staircase to the Ecumenical Temple.
  4663 | Temple   | Entered the Ecumenical Temple
  4690 | Temple   | Became a worshipper of Cheibriados the Contemplative
  4726 | D:5      | Entered Level 5 of the Dungeon
  4851 | D:5      | Found a bloodstained altar of Trog.
  4976 | D:5      | Reached skill level 5 in Dodging
  5077 | D:5      | Reached XP level 8. HP: 33/54 MP: 6/11
  5169 | D:5      | Reached skill level 5 in Fighting
  5524 | D:6      | Reached * piety under Cheibriados
  5577 | D:6      | Found a glowing drain.
  5581 | Sewer    | Entered a sewer
  5611 | Sewer    | Noticed Pargi
  5626 | Sewer    | Killed Pargi
  5829 | D:6      | Reached ** piety under Cheibriados
  6019 | D:6      | Reached XP level 9. HP: 50/62 MP: 9/12
  6132 | D:7      | Noticed Joseph
  6244 | D:7      | Found a flagged portal.
  6266 | Bailey   | Entered a bailey
  6275 | Bailey   | Learned a level 4 spell: Ice Form
  6278 | Bailey   | Learned a level 2 spell: Blink
  6356 | Bailey   | Noticed an orc knight
  6358 | Bailey   | Reached skill level 5 in Transmutations
  6391 | Bailey   | Killed an orc knight
  6392 | Bailey   | Reached skill level 5 in Ice Magic
  6412 | Bailey   | Reached skill level 5 in Stealth
  6451 | Bailey   | Found a large runed translucent door.
  6451 | Bailey   | Found a large runed translucent door.
  6452 | Bailey   | Noticed a deep elf pyromancer
  6688 | D:7      | Reached skill level 5 in Invocations
  6739 | D:7      | Reached *** piety under Cheibriados
  6740 | D:7      | Reached XP level 10. HP: 22/68 MP: 10/14
  6815 | D:7      | Found Mihunog's Distillery.
  6818 | D:7      | Bought a potion of heal wounds for 75 gold pieces
  6818 | D:7      | Bought a potion of heal wounds for 75 gold pieces
  6818 | D:7      | Bought a potion of lignification for 45 gold pieces
  6818 | D:7      | Bought a potion of curing for 45 gold pieces
  6818 | D:7      | Bought a potion of magic for 120 gold pieces
  6884 | D:7      | Noticed a two-headed ogre
  6885 | D:7      | Noticed a red ugly thing
  7305 | D:8      | Found an ancient bone altar of Kikubaaqudgha.
  7393 | D:8      | Reached **** piety under Cheibriados
  7557 | D:9      | Noticed Maggie
  7576 | D:9      | Killed Maggie
  7692 | D:9      | Found a staircase to the Orcish Mines.
  7706 | D:9      | Found a staircase to the Lair.
  7756 | Lair:1   | Entered Level 1 of the Lair of Beasts
  7811 | Lair:1   | Reached XP level 11. HP: 59/75 MP: 11/16
  7824 | Lair:1   | Noticed Nergalle
  7825 | Lair:1   | Noticed a spectral orc warlord
  7829 | Lair:1   | Noticed a six-headed hydra
  7838 | Lair:1   | Killed a six-headed hydra
  7987 | Lair:1   | Noticed Gastronok
  8076 | Lair:1   | Reached skill level 8 in Unarmed Combat
  8078 | Lair:1   | Reached skill level 8 in Fighting
  8082 | Lair:1   | Reached skill level 8 in Dodging
  8090 | Lair:1   | Killed Gastronok
  8769 | Lair:2   | Found a hole to the Spider Nest.
  9068 | Lair:3   | Reached XP level 12. HP: 59/84 MP: 15/17
  9161 | Lair:3   | Found a frozen archway.
  9181 | IceCv    | Entered an ice cave
  9245 | IceCv    | Reached ***** piety under Cheibriados
  9460 | IceCv    | Reached skill level 8 in Invocations
  9647 | Lair:3   | Noticed an eight-headed hydra
  9662 | Lair:3   | Killed an eight-headed hydra
  9663 | Lair:3   | Reached skill level 8 in Transmutations
  9663 | Lair:3   | Reached skill level 8 in Ice Magic
  9844 | Lair:4   | Learned a level 5 spell: Irradiate
  9904 | Lair:4   | Found a staircase to the Swamp.
 10170 | Lair:5   | Reached XP level 13. HP: 90/90 MP: 15/19
 10315 | Lair:5   | Reached skill level 5 in Conjurations
 10611 | Lair:6   | Entered Level 6 of the Lair of Beasts
 10745 | Lair:6   | Reached skill level 10 in Transmutations
 10773 | Lair:6   | Reached ****** piety under Cheibriados
 10785 | Lair:6   | Reached skill level 10 in Invocations
 10904 | Lair:6   | Found a shimmering blue altar of Sif Muna.
 11035 | Lair:6   | Reached XP level 14. HP: 64/97 MP: 7/21
 11062 | Lair:6   | Reached skill level 8 in Conjurations
 11255 | Lair:6   | Found a staircase to the Slime Pits.
 11446 | D:9      | Noticed Erica
 11521 | D:9      | Noticed Harold
 11556 | D:10     | Entered Level 10 of the Dungeon
 11821 | D:10     | Noticed Maurice
 11829 | D:10     | Killed Maurice
 11893 | D:10     | You fall into a shaft and drop 3 floors!
 11912 | D:13     | Reached skill level 8 in Stealth
 11988 | D:12     | Found a gate leading to a gauntlet.
 12635 | D:11     | Reached XP level 15. HP: 101/101 MP: 23/23
 13183 | D:13     | Identified the +9 trident of Foimatef {flame, Str+4}
 13203 | D:13     | Noticed Roczioh's ghost (journeyman DsEn)
 13206 | D:13     | Found a runed translucent door.
 13252 | D:13     | Killed Roczioh's ghost
 13529 | Orc:1    | Entered Level 1 of the Orcish Mines
 13929 | Orc:2    | Entered Level 2 of the Orcish Mines
 14234 | Orc:2    | Found a staircase to the Elven Halls.
 14320 | Orc:2    | Reached XP level 16. HP: 28/108 MP: 13/25
 14390 | Orc:2    | Found Zudeor's Magic Scroll Shop.
 14390 | Orc:2    | Found Anwoi's Distillery.
 14392 | Orc:2    | Found Ypligaq's Distillery.
 14394 | Orc:2    | Found Velax's Weapon Boutique.
 14401 | Orc:2    | Bought a potion of heal wounds for 70 gold pieces
 14401 | Orc:2    | Bought a potion of heal wounds for 70 gold pieces
 14401 | Orc:2    | Bought a potion of heal wounds for 70 gold pieces
 14403 | Orc:2    | Bought a potion of might for 68 gold pieces
 14403 | Orc:2    | Bought a potion of might for 68 gold pieces
 14403 | Orc:2    | Bought a potion of might for 68 gold pieces
 14403 | Orc:2    | Bought a potion of curing for 51 gold pieces
 14403 | Orc:2    | Bought a potion of curing for 51 gold pieces
 14403 | Orc:2    | Bought a potion of resistance for 170 gold pieces
 14405 | Orc:2    | Bought a potion of brilliance for 56 gold pieces
 14405 | Orc:2    | Bought a potion of curing for 42 gold pieces
 14405 | Orc:2    | Bought a potion of curing for 42 gold pieces
 14405 | Orc:2    | Bought a potion of might for 56 gold pieces
 14406 | Orc:2    | Bought a scroll of fear for 59 gold pieces
 14406 | Orc:2    | Bought a scroll of teleportation for 51 gold pieces
 14406 | Orc:2    | Bought a scroll of teleportation for 51 gold pieces
 14406 | Orc:2    | Bought a scroll of identify for 34 gold pieces
 14615 | D:9      | Killed Harold
 14695 | D:9      | Killed Erica
 14926 | D:14     | Reached skill level 10 in Fighting
 14926 | D:14     | Reached skill level 10 in Unarmed Combat
 14995 | D:14     | Reached skill level 10 in Dodging
 15014 | D:14     | Found a gate to the Vaults.
 15194 | D:15     | Entered Level 15 of the Dungeon
 15288 | D:15     | Noticed Louise
 15706 | Spider:1 | Entered Level 1 of the Spider Nest
 15855 | Spider:1 | Noticed Rupert
 15886 | Spider:2 | Noticed Arachne
 16014 | Spider:2 | Killed Arachne
 16113 | Spider:2 | Learned a level 3 spell: Lesser Beckoning
 16313 | Spider:1 | Reached XP level 17. HP: 91/119 MP: 12/26
 16595 | Spider:2 | Identified the +7 eveningstar of Equilibrium {antimagic,
                  | rPois Str+2 Int-2 Dex+3}
 16741 | Spider:3 | Gained mutation: You occasionally shout uncontrollably at
                  | your foes. [mutagenic glow]
 16952 | Spider:1 | Reached skill level 5 in Translocations
 17130 | Swamp:1  | Entered Level 1 of the Swamp
 17215 | Swamp:1  | Paralysed by a fenstrider witch for 5 turns
 18421 | D:14     | Found a runed translucent door.
 18421 | D:14     | Found a shimmering altar of Xom.
 18421 | D:14     | Noticed Gitueniwk's ghost (journeyman DjCj)
 18463 | D:14     | Found a portal to a secret trove of treasure.
 18816 | D:15     | Reached skill level 8 in Translocations
 18853 | D:15     | Found a radiant altar of Vehumet.
 19256 | Spider:2 | Gained mutation: One of your tentacles bears a spike.
                  | [mutagenic glow]
 19514 | Spider:4 | Entered Level 4 of the Spider Nest
 19557 | Spider:4 | Reached skill level 10 in Translocations
 19653 | Spider:4 | Paralysed by a jorogumo for 3 turns
 19675 | Spider:4 | HP: 1/142 [ghost moth (11)]
 19676 | Spider:4 | Slain by an emperor scorpion

Illustrated notes

Levels and vault maps discovered:
D:1:      giann_forest_graveyard, layout_basic, serial_forest,
          infiniplex_forest_split, infiniplex_forest_clump_diagonal,
          infiniplex_forest_end_3, infiniplex_forest_straight_3,
          infiniplex_forest_diagonal, infiniplex_forest_end_2,
          infiniplex_forest_clump_small, serial_shops,
          nicolae_shop_bloodbath_and_beyond, shop, nicolae_lakefront_shop, shop,
          nicolae_shop_hallway_plus, minmay_misc_feat_diagonals, hex_tiny,
          minmay_tetromino_t2
D:2:      layout_loops_corners
D:3:      layout_loops_ring, zin_angel, yredelemnul_forgotten_temple_becter,
          hellmonk_ecumenical_altar_lost_god, serial_shops, nicolae_square_shop,
          wander_ebering_terrifying_dragon_lair
D:4:      layout_rooms, minmay_temple_entry_junction,
          minmay_misc_feat_secret_circle, minivault_14, guppyfry_shop_venom
D:5:      layout_loops_ring, trog_ov_bears_minmay
D:6:      layout_cave_pools, gup_sewer_entry_spiral, serial_column_ruins,
          column_ruins_square_medium, column_ruins_columns_plus,
          column_ruins_grid_1, column_ruins_open_small, column_ruins_grid_3,
          column_ruins_open_large
D:7:      minmay_chambers_of_sixes, layout_basic, serial_shops,
          nicolae_shop_window_shopping, enter_bailey_5, kennysheep_boxes,
          uniq_joseph
D:8:      layout_cave_pools, lemuel_doored_altar
D:9:      layout_rooms, grunt_lair_entry_orc_guard_hut, orc_0_dummy,
          special_room [special_room_orc], uniq_maggie, uniq_erica, uniq_harold
D:10:     layout_cave_pods, uniq_maurice
D:11:     layout_stronghold
D:12:     layout_basic, gauntlet_entry_generic
D:13:     layout_rooms, hellmonk_ghost_happy_afterlife
D:14:     layout_gridville, david_vaults_1, nicolae_trove_entry_path_of_doom,
          ebering_ghost_xom
D:15:     hangedman_depths_entry_civil_slaughter, layout_basic,
          nicolae_vehumet_altar_sigil, uniq_louise
Temple:   eino_narrow_crystal_temple
Lair:1:   layout_chaotic_city, chequers_serial_rivers_small_3,
          grunt_megastairs_2, uniq_nergalle, uniq_gastronok
Lair:2:   layout_loops_ring, dummy_spider_entry, kennysheep_rathole
Lair:3:   layout_roguey, portal_ice_cave_entry_imps, grunt_megastairs_4
Lair:4:   layout_cave_shapes, minmay_swamp_entry_worms
Lair:5:   minmay_lair_venomous_thicket, layout_regular_city
Lair:6:   grunt_lair_end_beastmaster, layout_cave_pods,
          nicolae_slime_entry_slimehenge, enter_volcano_1, basic_altar
Swamp:1:  layout_basic_swamp, nicolae_swamp_tree_isthmus, swamp_pool5
Spider:1: layout_spider_delve, uniq_rupert
Spider:2: layout_spider_delve, uniq_arachne
Spider:3: layout_spider_delve
Spider:4: johnstein_spider_rune_arachne_lair
Orc:1:    hellmonk_paralyzer, layout_caves, special_room [special_room_bee],
          nicolae_orc_flooded_monolith
Orc:2:    st_orc_rangers, layout_caves, basic_altar

Skill      XL: |  1  2  3  4  5  6  7  8  9 10 11 12 13 14 15 16 17 |
---------------+----------------------------------------------------+-----
Stealth        | 1 2 5 6 8 |  8.0
Poison Magic   | 1 2 |  2.0
Fighting       | 2 3 4 6 7 8 9 11 12 | 12.0
Dodging        | 3 4 5 6 7 8 9 11 12 | 12.0
Unarmed Combat | 4 5 6 7 8 9 11 12 | 12.0
Ice Magic      | 3 5 6 8 |  8.0
Transmutations | 3 5 6 8 10 12 13 | 13.4
Invocations    | 5 7 8 10 13 | 13.0
Conjurations   | 3 7 9 |  9.1
Spellcasting   | 3 |  3.3
Translocations | 1 10 | 10.0

Action                   |  1- 3 |  4- 6 |  7- 9 | 10-12 | 13-15 | 16-18 || total
-------------------------+-------+-------+-------+-------+-------+-------++-------
Melee: Unarmed           |    74 |   116 |   257 |   455 |   438 |   469 ||  1809
       Constrict         |    19 |    12 |    12 |     3 |     1 |       ||    47
       Kick              |    12 |    10 |     1 |       |       |       ||    23
       Punch             |     2 |     2 |     3 |     2 |     2 |       ||    11
       Tentacles         |     9 |     9 |    14 |     2 |     7 |       ||    41
Throw: Dart              |       |       |     9 |     8 |       |       ||    17
 Cast: Beastly Appendage |    27 |     9 |     1 |       |       |       ||    37
       Spider Form       |       |    19 |    35 |     2 |       |       ||    56
       Wereblood         |       |     2 |     4 |    13 |    10 |     2 ||    31
       Ice Form          |       |       |     3 |    40 |    61 |    71 ||   175
       Irradiate         |       |       |       |     2 |    29 |    78 ||   109
       Lesser Beckoning  |       |       |       |       |       |     9 ||     9
Invok: Slouch            |       |       |       |     3 |    14 |     9 ||    26
       Step From Time    |       |       |       |       |     1 |     4 ||     5
 Abil: End Transformatio |       |       |     1 |       |       |       ||     1
Evoke: Wand              |       |     8 |    20 |     7 |     2 |     5 ||    42
  Use: Scroll            |     1 |     6 |    17 |    10 |     9 |    18 ||    61
       Potion            |       |       |     2 |     7 |     4 |    25 ||    38
 Stab: Sleeping          |    14 |     6 |     7 |     8 |    11 |     4 ||    50
       Invisible         |       |       |       |       |     5 |       ||     5
       Distracted        |       |       |       |       |     1 |     3 ||     4
Armor: Skin              |     8 |     3 |    21 |   138 |   132 |   142 ||   444
Dodge: Dodged            |    41 |   104 |   279 |   313 |   644 |   792 ||  2173
Block: Other             |       |       |       |    71 |    32 |    18 ||   121
       Reflection        |       |       |       |     3 |    13 |    12 ||    28

Table legend: (Time is in decaauts)
 A = Elapsed time spent in this place.
 B = Non-inter-level travel time spent in this place.
 C = Inter-level travel time spent in this place.
 D = Time resting spent in this place.
 E = Time spent auto-exploring this place.
 F = Levels seen in this place.
 G = Mean time per level.
                   A        B        C        D        E       F      G
               +--------+--------+--------+--------+--------+-----+--------+
         Total |  27958 |  25643 |   2315 |   1578 |   2987 |  32 |  873.7 |
       Dungeon |  15506 |  14219 |   1287 |   1019 |   2866 |  15 | 1033.7 |
        Temple |     46 |     27 |     19 |      0 |      0 |   1 |   46.0 |
          Lair |   5921 |   5212 |    709 |    341 |      0 |   6 |  986.8 |
         Swamp |    182 |    182 |      0 |     25 |      0 |   1 |  182.0 |
   Spider Nest |   2715 |   2616 |     99 |    125 |      0 |   4 |  678.8 |
  Orcish Mines |   2513 |   2314 |    199 |     67 |    120 |   2 | 1256.5 |
         Sewer |    123 |    123 |      0 |      0 |      0 |   1 |  123.0 |
        Bailey |    353 |    353 |      0 |      0 |      0 |   1 |  353.0 |
      Ice Cave |    595 |    595 |      0 |      0 |      0 |   1 |  595.0 |
               +--------+--------+--------+--------+--------+-----+--------+

Top non-repeatable levels by time:
     D:1: 1639 daAuts
     D:2: 1621 daAuts
    D:11: 1558 daAuts
   Orc:1: 1444 daAuts
    D:12: 1267 daAuts
Spider:2: 1191 daAuts
  Lair:1: 1184 daAuts
    D:14: 1183 daAuts
  Lair:4: 1160 daAuts
  Lair:6: 1131 daAuts
   Orc:2: 1068 daAuts
    D:13: 1047 daAuts
     D:9: 1036 daAuts
     D:7: 1028 daAuts
  Lair:2: 928 daAuts
